 Dungeon Crawl Stone Soup version 0.24-a0-525-g9231cdcba1 (webtiles) character file.

Game seed: 4842346458398395387

29 Execuda the Cudgeler (level 3, -3/22 HPs)
             Began as a Gargoyle Gladiator on Aug 2, 2019.
             Slain by Crazy Yiuf
             ... wielding a +2 quarterstaff of chaos
              (8 damage)
             ... on level 2 of the Dungeon.
             The game lasted 00:01:01 (870 turns).

Execuda the Cudgeler (Gargoyle Gladiator)            Turns: 870, Time: 00:01:01

Health: -3/22      AC:  7    Str: 17    XL:     3   Next: 16%
Magic:  3/3        EV: 12    Int:  8    God:
Gold:   43         SH:  0    Dex: 12    Spells: 2/2 levels left

rFire    . . .     SeeInvis .   a - +0 flail
rCold    . . .     Gourm    .   (no shield)
rNeg     + . .     Faith    .   b - +0 leather armour
rPois    ∞         Spirit   .   c - +0 helmet
rElec    +         Reflect  .   (no cloak)
rCorr    .         Harm     .   (no gloves)
MR       .....                  (no boots)
Stlth    +.........             (no amulet)
HPRegen  0.07/turn              (no ring)
MPRegen  0.08/turn              (no ring)

@: no status effects
A: negative energy resistance 1, electricity resistance, unbreathing,
petrification resistance, rot immunity, AC +3
a: no special abilities


You were on level 2 of the Dungeon.
You were not hungry.

You visited 1 branch of the dungeon, and saw 2 of its levels.

You collected 43 gold pieces.

Inventory:

Hand Weapons
 a - a +0 flail (weapon)
Missiles
 d - 3 throwing nets (quivered)
Armour
 b - a +0 leather armour (worn)
 c - a +0 helmet (worn)
Scrolls
 h - a scroll of blinking {unknown}
 i - a scroll of remove curse {unknown}
Potions
 e - a potion of flight {unknown}
Comestibles
 f - a ration
 g - 5 chunks of flesh


   Skills:
 + Level 2.8 Fighting
 * Level 3.9 Maces & Flails
 - Level 1.7 Throwing
 - Level 2.4 Dodging


You had 2 spell levels left.
You didn't know any spells.
Your spell library was empty.

Dungeon Overview and Level Annotations

Branches:
Dungeon (2/15)

Altars:

Annotations:
D:2 Crazy Yiuf


Innate Abilities, Weirdness & Mutations

You are resistant to torment.
Your stone body is resilient. (AC +3)
You are immune to poison.
You resist negative energy. (rN+)
You are resistant to electric shocks. (rElec)
You can survive without breathing.
You are immune to petrification.
You are immune to rotting.


Message History

There is an open door here.
There is a stone staircase leading up here.
Found a mace.
Found a runed translucent door.
As you open the door, it creaks loudly!
You barely miss Crazy Yiuf. Crazy Yiuf hits you but does no damage.
You sock Crazy Yiuf!
Crazy Yiuf is severely wounded.
Crazy Yiuf whimpers, "Action shoe action!"
Crazy Yiuf hits you with a +2 quarterstaff of chaos!
Crazy Yiuf burns you.
You closely miss Crazy Yiuf.
Crazy Yiuf is severely wounded.
Crazy Yiuf hits you with a +2 quarterstaff of chaos.
Crazy Yiuf burns you.
* * * LOW HITPOINT WARNING * * *
You hit Crazy Yiuf but do no damage.
Crazy Yiuf is severely wounded.
Crazy Yiuf completely misses you.
Crazy Yiuf hits you with a +2 quarterstaff of chaos!
You die...

#..>....#...
#.......#..#
#.......#..#
+.......+..#
#####
#.......#..#
#..)#
.....[..#..#
#...#
.......÷'..#
...
#......<####
#g#
...........#
♣♣@♣
##########.#
♣.♣♣ #.#
♣♣.♣ #.#
♣.♣♣ #.#
♣♣.♣♣ #.#
♣...♣♣ #.#
♣....♣ #.#
#....#
#.###....#


You could see Crazy Yiuf.

Vanquished Creatures
  A dart slug (D:1)
  2 leopard geckos (D:1)
  An orc (D:1)
  A ball python (D:2)
  A giant cockroach (D:1)
  6 hobgoblins (D:1)
  2 jackals (D:1)
  3 kobolds (D:1)
  A bat (D:1)
  2 rats (D:1)
20 creatures vanquished.

Notes
Turn   | Place    | Note
-------+----------+-------------------------------------------
     0 | D:1      | Execuda the Gargoyle Gladiator began the quest for the Orb.
     0 | D:1      | Reached XP level 1. HP: 12/12 MP: 1/1
    66 | D:1      | Reached XP level 2. HP: 9/18 MP: 2/2
   582 | D:1      | Reached XP level 3. HP: 22/22 MP: 3/3
   862 | D:2      | Found a runed translucent door.
   863 | D:2      | Noticed Crazy Yiuf
   870 | D:2      | Slain by Crazy Yiuf

Levels and vault maps discovered:
D:1:      dpeg_arrival_chambers_temple_mockup, layout_rooms
D:2:      layout_basic, evilmike_ruin_ashenzari, uniq_crazy_yiuf_cottage

Action                   || total
-------------------------++-------
Melee: Flail             ||    58
Armor: Leather armour    ||    21
Dodge: Dodged            ||    42

Table legend:
 A = Non-vault XP
 B = Vault XP
 C = Vault XP percentage of total XP
 D = Non-vault monster count
 E = Vault monster count
 F = Vault count percentage of total count
                 A         B        C        D         E       F
            +---------+---------+-------+---------+---------+-------
      Total |      42 |       0 |   0.0 |      20 |       0 |   0.0
            +---------+---------+-------+---------+---------+-------
        D:1 |      40 |       0 |   0.0 |      19 |       0 |   0.0
        D:2 |       2 |       0 |   0.0 |       1 |       0 |   0.0
            +---------+---------+-------+---------+---------+-------
